 Dungeon Crawl Stone Soup version 0.24-a0-584-g9d6b971 (webtiles) character file.

Game seed: 9332503976621545561, levelgen mode: deterministic

4149 BeowulfAlex the Magician (level 10, -7/77 HPs)
             Began as a Gnoll Skald on Sept 4, 2019.
             Was a Follower of Cheibriados.
             Killed from afar by an electric eel (15 damage)
             ... with a bolt of electricity
             ... on level 8 of the Dungeon.
             The game lasted 00:24:11 (6648 turns).

BeowulfAlex the Magician (Gnoll Skald)              Turns: 6648, Time: 00:24:12

Health: -7/77      AC:  9    Str: 19    XL:     10   Next: 27%
Magic:  18/20      EV: 14    Int: 20    God:    Cheibriados [*.....]
Gold:   371        SH:  0    Dex: 17    Spells: 16/23 levels left

rFire    + . .     SeeInvis .   C - +2 whip (elec)
rCold    . . .     Gourm    .   (no shield)
rNeg     . . .     Faith    .   R - +1 scale mail {rF+}
rPois    +         Spirit   .   (no helmet)
rElec    .         Reflect  .   (no cloak)
rCorr    .         Harm     .   (no gloves)
MR       +....                  e - +0 pair of boots
Stlth    ++........             (no amulet)
HPRegen  0.22/turn              k - ring of protection from magic
MPRegen  0.17/turn              n - ring of poison resistance

@: very slow
A: distributed training, fangs 1, strong nose
a: Bend Time, Renounce Religion


You were on level 8 of the Dungeon.
You worshipped Cheibriados.
Cheibriados was aware of your devotion.
You were not hungry.

You visited 2 branches of the dungeon, and saw 9 of its levels.

You collected 371 gold pieces.

Inventory:

Hand Weapons
 p - a cursed +2 dagger of freezing
 C - a +2 whip of electrocution (weapon)
 H - a +4 vampiric trident
 K - a +1 trident of venom
Missiles
 f - 170 stones
 l - 14 atropa-tipped darts
 w - 10 boomerangs (quivered)
Armour
 e - a +0 pair of boots (worn)
 R - a +1 scale mail of fire resistance (worn)
Jewellery
 k - a ring of protection from magic (left hand)
 n - a ring of poison resistance (right hand)
 F - an uncursed ring of fire
 N - an uncursed ring of protection from magic
Wands
 t - a wand of paralysis (8)
 u - a wand of disintegration (19)
 E - a wand of clouds (5)
 J - a wand of polymorph (6)
Scrolls
 b - a scroll of torment {unknown}
 c - a scroll of amnesia {unknown}
 m - 5 scrolls of teleportation
 q - 5 scrolls of magic mapping
 r - 2 scrolls of enchant weapon {unknown}
 s - 3 scrolls of fear
 y - a scroll of enchant armour {unknown}
 z - 4 scrolls of remove curse
 A - a scroll of immolation {unknown}
 B - a scroll of blinking {unknown}
 D - a scroll of fog {unknown}
 M - a scroll of random uselessness {unknown}
 O - a scroll of noise {unknown}
Potions
 a - a potion of heal wounds {unknown}
 g - 3 potions of might {unknown}
 h - 3 potions of invisibility {unknown}
 i - 4 potions of degeneration {unknown}
 j - 6 potions of curing
 o - 2 potions of lignification {unknown}
 x - 2 potions of brilliance {unknown}
 G - a potion of ambrosia {unknown}
 I - 2 potions of agility {unknown}
 L - a potion of magic {unknown}
 P - a potion of cancellation {unknown}
Comestibles
 d - 16 rations
 Q - 5 chunks of flesh


   Skills:
 + Level 6.9 Fighting
 + Level 5.0 Short Blades
 + Level 6.9 Long Blades
 + Level 5.0 Axes
 + Level 5.0 Maces & Flails
 + Level 5.0 Polearms
 + Level 5.0 Staves
 + Level 5.0 Slings
 + Level 5.0 Bows
 + Level 5.0 Crossbows
 + Level 5.0 Throwing
 + Level 5.7 Armour
 + Level 6.9 Dodging
 + Level 5.0 Stealth
 + Level 5.0 Shields
 + Level 5.0 Unarmed Combat
 + Level 7.2 Spellcasting
 + Level 4.1 Conjurations
 + Level 4.1 Hexes
 + Level 6.9 Charms
 + Level 4.1 Summonings
 + Level 4.1 Necromancy
 + Level 4.1 Translocations
 + Level 4.1 Transmutations
 + Level 4.1 Fire Magic
 + Level 4.1 Ice Magic
 + Level 4.1 Air Magic
 + Level 4.1 Earth Magic
 + Level 4.1 Poison Magic
 + Level 5.5 Invocations
 + Level 5.0 Evocations


You had 16 spell levels left.
You knew the following spells:

 Your Spells              Type           Power        Failure   Level  Hunger
a - Infusion              Chrm           ####         1%          1    None
b - Regeneration          Chrm/Necr      ####......   8%          3    #......
c - Spectral Weapon       Hex/Chrm       ####....     8%          3    #......

Your spell library contained the following spells:

 Spells                   Type           Power        Failure   Level  Hunger
 Song of Slaying          Chrm           #####...     2%          2    None
 Summon Small Mammal      Summ           ###.         4%          1    None
 Shroud of Golubria       Chrm/Tloc      ####..       4%          2    None
 Call Imp                 Summ           ###.....     7%          2    None
 Call Canine Familiar     Summ           ###.....     14%         3    #......
 Summon Guardian Golem    Hex/Summ       ###.....     14%         3    #......
 Summon Ice Beast         Ice/Summ       ###.....     43%         4    ###....
 Summon Lightning Spire   Summ/Air       ###.....     43%         4    ###....


Dungeon Overview and Level Annotations

Branches:
Dungeon (8/15)             Temple (1/1) D:7
   Lair: D:8-11

Altars:
Ashenzari
Cheibriados
Dithmenos
Elyvilon
Fedhas
Hepliaklqana
Makhleb
Okawaru
Qazlal
Ru
Sif Muna
Trog
Uskayaw
Vehumet
Wu Jian
Xom
Yredelemnul
Zin
The Shining One

Annotations:
D:3 2 transporters, thriggle's ghost, amateur HuWn


Innate Abilities, Weirdness & Mutations

Your experience applies equally to all skills.
You have very sharp teeth.
Your uncanny sense of smell can sniff out nearby items.


Message History

The bolt of electricity hits your spectral weapon.
Your spectral weapon resists.
Your spectral weapon shares its damage with you!
The bolt of electricity hits your spectral weapon.
Your spectral weapon resists.
Your spectral weapon shares its damage with you!
The bolt of electricity hits the electric eel.
The electric eel completely resists.
* * * LOW HITPOINT WARNING * * *
You hit the electric eel.
The electric eel is almost dead.
Your spectral weapon hits the electric eel.
The electric eel shoots out a bolt of lightning at you!
The bolt of electricity hits you!
* * * LOW HITPOINT WARNING * * *
The adder zombie misses your spectral weapon.
The adder zombie bites your spectral weapon.
The electric eel shoots out a bolt of lightning at you!
The bolt of electricity hits you!
You die...

#..........# . .
##..###..##.###...###
#.###.#.##...........P..#
#...##.#<........♣≈≈≈P.#
##..........÷..#♣≈≈≈$≈..
##..<.<.........†≈.≈≈..
#.##.##..#...#.≈≈≈≈.≈P
#.##.##..#..(#♣≈≈≈≈≈≈.
#.##.##......@.;≈≈≈≈≈.
#.##.#...#...#(;≈≈≈≈≈♣
#.##...#.....#.Z≈.≈.≈.
#.####...#..###≈.≈..≈. #.
##.##..# .P.≈... #.##..#
..PP... #.....# .#.....
.....## ....### #.####


You could see 2 electric eels, an adder zombie and a friendly spectral +2 whip
of electrocution.

Vanquished Creatures
  Pikel (D:4)
  A troll (D:7)
  Prince Ribbit (D:7)
  A hippogriff (D:7)
  A wyvern (D:8)
  Sigmund (D:4)
  Eustachio (D:4)
  A water moccasin (D:6)
  A slave (D:4)
  2 orc warriors (D:7)
  An ice beast (D:7)
  A black bear (D:7)
  5 phantoms
  2 sky beasts
  2 ogres
  A boggart (D:7)
  A centaur (D:6)
  A bullfrog (D:6)
  A scorpion (D:7)
  3 wights (D:7)
  2 howler monkeys (D:7)
  3 crimson imps
  3 bullfrog zombies
  2 jellies
  2 orc priests
  A hound (D:5)
  3 bullfrog skeletons
  2 iguanas
  3 orc wizards
  Ijyb (D:3)
  A worker ant (D:5)
  A killer bee zombie (D:8)
  A worker ant zombie (D:8)
  A howler monkey skeleton (D:6)
  10 adders
  A shadow imp (D:5)
  2 oozes
  3 adder skeletons
  2 worms
  A dart slug (D:1)
  6 leopard geckos
  27 orcs
  A ball python (D:4)
  13 bats
  6 giant cockroaches
  13 goblins
  10 hobgoblins
  12 jackals
  3 quokkas
  2 frilled lizards
  2 gnoll zombies (D:7)
  A jackal skeleton (D:5)
  A jackal zombie (D:7)
  6 kobolds
  A quokka skeleton (D:7)
  7 rats
185 creatures vanquished.

Vanquished Creatures (others)
  An adder (D:8)
  5 spectral weapons
6 creatures vanquished.

Grand Total: 191 creatures vanquished

Notes
Turn   | Place    | Note
-------+----------+-------------------------------------------
     0 | D:1      | BeowulfAlex the Gnoll Skald began the quest for the Orb.
     0 | D:1      | Reached XP level 1. HP: 20/20 MP: 6/6
   125 | D:1      | Reached XP level 2. HP: 25/26 MP: 1/7
   410 | D:1      | Reached XP level 3. HP: 18/31 MP: 9/9
   423 | D:1      | Reached skill level 5 in Spellcasting
   749 | D:2      | Reached skill level 1 in Invocations
   766 | D:2      | Learned a level 3 spell: Regeneration
   770 | D:2      | Learned a level 3 spell: Spectral Weapon
   828 | D:2      | Reached skill level 1 in Short Blades
   828 | D:2      | Reached skill level 1 in Axes
   828 | D:2      | Reached skill level 1 in Maces & Flails
   828 | D:2      | Reached skill level 1 in Polearms
   828 | D:2      | Reached skill level 1 in Staves
   828 | D:2      | Reached skill level 1 in Slings
   828 | D:2      | Reached skill level 1 in Bows
   828 | D:2      | Reached skill level 1 in Crossbows
   828 | D:2      | Reached skill level 1 in Throwing
   828 | D:2      | Reached skill level 1 in Stealth
   828 | D:2      | Reached skill level 1 in Shields
   828 | D:2      | Reached skill level 1 in Unarmed Combat
   828 | D:2      | Reached skill level 1 in Evocations
   885 | D:2      | Reached XP level 4. HP: 25/38 MP: 7/11
  1210 | D:2      | Reached skill level 1 in Conjurations
  1210 | D:2      | Reached skill level 1 in Hexes
  1210 | D:2      | Reached skill level 1 in Summonings
  1210 | D:2      | Reached skill level 1 in Necromancy
  1210 | D:2      | Reached skill level 1 in Translocations
  1210 | D:2      | Reached skill level 1 in Transmutations
  1210 | D:2      | Reached skill level 1 in Fire Magic
  1210 | D:2      | Reached skill level 1 in Ice Magic
  1210 | D:2      | Reached skill level 1 in Air Magic
  1210 | D:2      | Reached skill level 1 in Earth Magic
  1210 | D:2      | Reached skill level 1 in Poison Magic
  1798 | D:3      | Reached XP level 5. HP: 33/43 MP: 2/12
  1971 | D:3      | Found a transporter.
  1978 | D:3      | Noticed thriggle's ghost (amateur HuWn)
  1991 | D:3      | Found a transporter.
  2023 | D:3      | Noticed Ijyb
  2040 | D:3      | Killed Ijyb
  2310 | D:4      | Reached XP level 6. HP: 46/50 MP: 7/13
  2427 | D:4      | Noticed a phantom
  2451 | D:4      | Killed a phantom
  2451 | D:4      | Reached skill level 5 in Fighting
  2451 | D:4      | Reached skill level 5 in Long Blades
  2451 | D:4      | Reached skill level 5 in Dodging
  2519 | D:4      | Noticed Sigmund
  2618 | D:4      | Killed Sigmund
  2618 | D:4      | Reached XP level 7. HP: 33/56 MP: 3/15
  2726 | D:4      | Noticed Eustachio
  2772 | D:4      | Killed Eustachio
  3111 | D:4      | Noticed Pikel
  3202 | D:4      | Killed Pikel
  3202 | D:4      | Reached XP level 8. HP: 28/63 MP: 11/16
  3421 | D:5      | Entered Level 5 of the Dungeon
  3579 | D:5      | Reached skill level 6 in Spellcasting
  3877 | D:5      | Found a radiant altar of Vehumet.
  4392 | D:6      | Reached XP level 9. HP: 69/69 MP: 14/18
  4462 | D:6      | Found a shadowy altar of Dithmenos.
  4977 | D:6      | Found a hazy altar of Hepliaklqana.
  5399 | D:7      | Found a staircase to the Ecumenical Temple.
  5411 | D:7      | Reached skill level 5 in Armour
  5419 | Temple   | Entered the Ecumenical Temple
  5583 | Temple   | Became a worshipper of Cheibriados the Contemplative
  5978 | D:7      | Noticed Prince Ribbit
  5990 | D:7      | Killed Prince Ribbit
  6010 | D:7      | Reached skill level 5 in Invocations
  6100 | D:7      | Found a basalt altar of Yredelemnul.
  6180 | D:7      | Noticed a troll
  6205 | D:7      | Reached * piety under Cheibriados
  6248 | D:7      | Reached XP level 10. HP: 77/77 MP: 14/20
  6256 | D:7      | Reached skill level 7 in Spellcasting
  6483 | D:8      | Reached skill level 5 in Short Blades
  6483 | D:8      | Reached skill level 5 in Axes
  6483 | D:8      | Reached skill level 5 in Maces & Flails
  6483 | D:8      | Reached skill level 5 in Polearms
  6483 | D:8      | Reached skill level 5 in Staves
  6483 | D:8      | Reached skill level 5 in Slings
  6483 | D:8      | Reached skill level 5 in Bows
  6483 | D:8      | Reached skill level 5 in Crossbows
  6483 | D:8      | Reached skill level 5 in Throwing
  6483 | D:8      | Reached skill level 5 in Stealth
  6483 | D:8      | Reached skill level 5 in Shields
  6483 | D:8      | Reached skill level 5 in Unarmed Combat
  6483 | D:8      | Reached skill level 5 in Evocations
  6648 | D:8      | Killed from afar by an electric eel

Levels and vault maps discovered:
D:1:      evilmike_arrival_grusome_pit, layout_rooms, serial_bayou_pond_b,
          kennysheep_nondescript, minmay_misc_feat_ornament, minmay_door_square,
          minmay_tiny_reverse_x
D:2:      minmay_door_path, layout_basic, first_ration
D:3:      layout_loops_cross, gammafunk_ghost_arena, minmay_misc_feat_columns,
          grunt_ministairs_2, uniq_ijyb
D:4:      layout_basic, uniq_sigmund, uniq_pikel, uniq_eustachio
D:5:      layout_loops_cross, vehumet_crystals, mrwooster_statue_mirror
D:6:      layout_basic, old_standard_altar, nicolae_dithmenos_shadow_blocks
D:7:      kennysheep_windowed_halls, layout_gridville,
          lemuel_zombie_altar_yredelemnul, minmay_temple_entry_slanted,
          uniq_prince_ribbit1
D:8:      layout_loops_ring, serial_bayou_pond_b
Temple:   eino_temple_scatter_basement

Skill      XL: |  1  2  3  4  5  6  7  8  9 10 |
---------------+-------------------------------+-----
Spellcasting   | 5 6 7 |  7.2
Invocations    | 1 2 3 4 5 |  5.5
Short Blades   | 1 2 3 4 5 |  5.0
Axes           | 1 2 3 4 5 |  5.0
Maces & Flails | 1 2 3 4 5 |  5.0
Polearms       | 1 2 3 4 5 |  5.0
Staves         | 1 2 3 4 5 |  5.0
Slings         | 1 2 3 4 5 |  5.0
Bows           | 1 2 3 4 5 |  5.0
Crossbows      | 1 2 3 4 5 |  5.0
Throwing       | 1 2 3 4 5 |  5.0
Stealth        | 1 2 3 4 5 |  5.0
Shields        | 1 2 3 4 5 |  5.0
Unarmed Combat | 1 2 3 4 5 |  5.0
Evocations     | 1 2 3 4 5 |  5.0
Conjurations   | 1 2 3 4 |  4.1
Hexes          | 1 2 3 4 |  4.1
Summonings     | 1 2 3 4 |  4.1
Necromancy     | 1 2 3 4 |  4.1
Translocations | 1 2 3 4 |  4.1
Transmutations | 1 2 3 4 |  4.1
Fire Magic     | 1 2 3 4 |  4.1
Ice Magic      | 1 2 3 4 |  4.1
Air Magic      | 1 2 3 4 |  4.1
Earth Magic    | 1 2 3 4 |  4.1
Poison Magic   | 1 2 3 4 |  4.1
Armour         | 3 4 5 |  5.7
Fighting       | 5 6 |  6.9
Long Blades    | 5 6 |  6.9
Dodging        | 5 6 |  6.9
Charms         | 6 |  6.9

Action                   |  1- 3 |  4- 6 |  7- 9 | 10-12 || total
-------------------------+-------+-------+-------+-------++-------
Melee: Falchion          |    98 |    44 |       |       ||   142
       Bite              |    10 |    13 |    39 |     5 ||    67
       Punch             |     2 |     1 |     9 |     1 ||    13
       Spear             |       |   134 |   300 |       ||   434
       Whip              |       |       |    71 |    48 ||   119
       Trident           |       |       |    19 |       ||    19
Throw: Stone             |     1 |     8 |    37 |     1 ||    47
       Boomerang         |       |       |     6 |     3 ||     9
 Cast: Infusion          |     5 |     3 |     5 |     2 ||    15
       Spectral Weapon   |     2 |    15 |    47 |     7 ||    71
       Regeneration      |     1 |     4 |    24 |     5 ||    34
  Use: Scroll            |       |     2 |     5 |       ||     7
 Stab: Sleeping          |       |     5 |     3 |       ||     8
       Distracted        |       |     1 |     2 |       ||     3
  Eat: Chunk             |       |     8 |    15 |       ||    23
       Ration            |       |       |     1 |       ||     1
Armor: Leather armour    |    27 |    34 |    31 |     5 ||    97
       Scale mail        |       |       |       |     8 ||     8
Dodge: Dodged            |    88 |    88 |   194 |    35 ||   405
       Rpst.: Falchion   |    33 |    13 |       |       ||    46

Table legend:
 A = Non-vault XP
 B = Vault XP
 C = Vault XP percentage of total XP
 D = Non-vault monster count
 E = Vault monster count
 F = Vault count percentage of total count
                 A         B        C        D         E       F
            +---------+---------+-------+---------+---------+-------
      Total |    3263 |    2665 |  45.0 |     147 |      37 |  20.1
            +---------+---------+-------+---------+---------+-------
        D:1 |      41 |      13 |  24.1 |      22 |       9 |  29.0
        D:2 |      75 |      11 |  12.8 |      22 |       3 |  12.0
        D:3 |     105 |      41 |  28.1 |      22 |       3 |  12.0
        D:4 |     190 |    1084 |  85.1 |      10 |       3 |  23.1
        D:5 |     597 |       0 |   0.0 |      19 |       0 |   0.0
        D:6 |     770 |       0 |   0.0 |      26 |       0 |   0.0
        D:7 |    1259 |    1353 |  51.8 |      24 |      17 |  41.5
        D:8 |     226 |     163 |  41.9 |       2 |       2 |  50.0
            +---------+---------+-------+---------+---------+-------
